 Dungeon Crawl Stone Soup version 0.27-a0-223-ge082b6e869 (webtiles) character file.

Game seed: 18335767409949173717

1528 rebelwolf the Ruffian (level 8, -1/78 HPs)
             Began as a Troll Fighter on Feb 2, 2021.
             Was a Believer of Nemelex Xobeh.
             Slain by an orc warrior
             ... wielding a +0 halberd
              (7 damage)
             ... on level 6 of the Dungeon.
             The game lasted 00:14:35 (5028 turns).

rebelwolf the Ruffian (Troll Fighter)               Turns: 5028, Time: 00:14:35

Health: -1/78      AC:  7    Str: 27    XL:     8   Next: 55%
Magic:  7/7        EV: 10    Int:  4    God:    Nemelex Xobeh [**....]
Gold:   343        SH: 10    Dex:  9    Spells: 7/7 levels left

rFire    . . .     SeeInvis .     - Unarmed
rCold    . . .     Faith    .   b - +0 kite shield
rNeg     . . .     Spirit   .   a - +1 robe
rPois    .         Reflect  .   (helmet restricted)
rElec    .         Harm     .   n - scarf {repulsion}
rCorr    .         Rampage  .   (gloves unavailable)
Will     .....                  (boots unavailable)
Stlth    +.........             (no amulet)
HPRegen  0.63/turn              (no ring)
MPRegen  0.10/turn              (no ring)

@: repel missiles
A: large, unfitting armour, claws 3, regeneration 1, shaggy fur 1, tough skin 3,
evolution 1
a: Renounce Religion, Draw Escape, Draw Destruction, Draw Summoning


You were on level 6 of the Dungeon.
You worshipped Nemelex Xobeh.
Nemelex Xobeh was pleased with you.
You visited 1 branch of the dungeon, and saw 6 of its levels.

You collected 343 gold pieces.

Inventory:

Armour
 a - a +1 robe (worn)
 b - a +0 kite shield (worn)
 n - a scarf of repulsion (worn)
 p - a +1 cloak
Wands
 h - a wand of acid (3)
 i - a wand of iceblast (7)
 o - a wand of mindburst (20)
Scrolls
 d - 4 scrolls of remove curse
 e - 2 scrolls of immolation
 g - 7 scrolls of teleportation
 j - a scroll of magic mapping
 k - a scroll of amnesia
 l - 2 scrolls of identify
Potions
 c - 2 potions of might
 m - a potion of flight
 q - a potion of haste


   Skills:
 + Level 4.0 Fighting
 + Level 5.1 Dodging
 + Level 0.7 Stealth
 + Level 5.2 Shields
 + Level 6.4 Unarmed Combat


You had 7 spell levels left.
You didn't know any spells.
Your spell library contained the following spells:

 Spells                   Type           Power        Failure   Level
 Confusing Touch          Hex            0%           98%         3
 Gell's Gravitas          Tloc           0%           98%         3
 Petrify                  Tmut/Erth      0%           100%        4
 Metabolic Englaciation   Hex/Ice        0%           100%        5
 Yara's Violent Unravell  Hex/Tmut       0%           100%        5


Dungeon Overview and Level Annotations

Branches:
Dungeon (6/15)             Temple (0/1) D:4

Altars:
Dithmenos
Gozag
Makhleb
Nemelex Xobeh
Okawaru
Ru
Sif Muna
Trog
Vehumet
Xom
Yredelemnul

Shops:
D:4 *


Innate Abilities, Weirdness & Mutations

You are too large for most types of armour.
You have claws for hands.
Your natural rate of healing is unusually fast.
You are covered in fur. (AC +1)
You have extremely tough skin. (AC +3)
You evolve.


Message History

The orc warrior hits you with a +0 halberd!
You barely miss the orc warrior.
The orc warrior is heavily wounded.
You scratch the orc warrior but do no damage.
The orc warrior is heavily wounded.
The orc warrior hits you with a +0 halberd!
* * * LOW HITPOINT WARNING * * *
You closely miss the orc warrior.
The orc warrior is heavily wounded.
The orc warrior hits you with a +0 halberd!
* * * LOW HITPOINT WARNING * * *
You claw the orc warrior!
The orc warrior is almost dead.
The orc warrior hits you with a +0 halberd.
* * * LOW HITPOINT WARNING * * *
You scratch the orc warrior but do no damage.
The orc warrior is almost dead.
The orc warrior hits you with a +0 halberd!
You die...
Your body glows slightly and disappears.

....############.#
#[.....
..........#......#
#######
..........#.######
...........##
........(.##
........(.#
.........#### #
........##..#+ #
...<....'@o..# #
........#....#
........##..##
#######.. #+# ###
##### #######...##


You could see an orc warrior.

Vanquished Creatures
  Sigmund (D:4)
  A hornet zombie (D:5)
  A sky beast (D:6)
  A black bear (D:6)
  An ogre (D:6)
  2 centaurs (D:5)
  A phantom (D:6)
  2 scorpions
  A howler monkey (D:4)
  5 hounds
  4 orc priests
  5 orc wizards
  A worker ant (D:4)
  A worker ant zombie (D:5)
  3 gnolls (D:4)
  6 adders
  2 oozes (D:1)
  An adder zombie (D:2)
  4 worms
  A dart slug (D:4)
  3 leopard geckos
  13 orcs
  5 bats
  6 giant cockroaches
  5 goblins
  5 hobgoblins
  14 jackals
  14 kobolds
  6 quokkas
  A ball python (D:6)
  3 frilled lizards
  A leopard gecko zombie (D:5)
  9 rats
129 creatures vanquished.

Notes
Turn   | Place    | Note
-------+----------+-------------------------------------------
     0 | D:1      | rebelwolf the Troll Fighter began the quest for the Orb.
     0 | D:1      | Reached XP level 1. HP: 22/22 MP: 0/0
   203 | D:1      | Reached XP level 2. HP: 23/29 MP: 1/1
   515 | D:1      | Reached XP level 3. HP: 36/36 MP: 2/2
   988 | D:2      | Reached XP level 4. HP: 29/44 MP: 3/3
  1093 | D:2      | Found a shimmering altar of Xom.
  1094 | D:2      | Found a sparkling altar of Nemelex Xobeh.
  1098 | D:2      | Found a shadowy altar of Dithmenos.
  1100 | D:2      | Found a radiant altar of Vehumet.
  1276 | D:2      | Found a sparkling altar of Nemelex Xobeh.
  1285 | D:2      | Became a worshipper of Nemelex Xobeh the Trickster
  1389 | D:2      | Found a basalt altar of Yredelemnul.
  1466 | D:2      | Reached skill level 3 in Unarmed Combat
  2072 | D:3      | Found an iron altar of Okawaru.
  2111 | D:3      | Found a burning altar of Makhleb.
  2138 | D:3      | Found an opulent altar of Gozag.
  2368 | D:3      | Found a bloodstained altar of Trog.
  2559 | D:4      | Reached XP level 5. HP: 50/52 MP: 4/4
  2649 | D:4      | Noticed Sigmund
  2652 | D:4      | Reached * piety under Nemelex Xobeh
  2659 | D:4      | Killed Sigmund
  2660 | D:4      | Reached skill level 4 in Unarmed Combat
  2660 | D:4      | Reached XP level 6. HP: 20/59 MP: 5/5
  3224 | D:4      | Found a staircase to the Ecumenical Temple.
  3318 | D:4      | Found Basmyaro's Lightly-Used Armoury.
  3344 | D:4      | Reached skill level 5 in Unarmed Combat
  3348 | D:4      | Reached XP level 7. HP: 58/67 MP: 6/6
  3380 | D:4      | Received a gift from Nemelex Xobeh
  3430 | D:4      | Found a sacrificial altar of Ru.
  3637 | D:5      | Entered Level 5 of the Dungeon
  3742 | D:5      | Gained mutation: You are robust. (+10% HP) [potion of
                  | mutation]
  3742 | D:5      | Gained mutation: You evolve. [potion of mutation]
  4265 | D:5      | Reached XP level 8. HP: 51/82 MP: 7/7
  4486 | D:5      | Found a shimmering blue altar of Sif Muna.
  4627 | D:6      | Reached ** piety under Nemelex Xobeh
  4654 | D:6      | Lost mutation: You are robust. (+10% HP) [evolution]
  4656 | D:6      | Reached skill level 6 in Unarmed Combat
  4664 | D:6      | Reached skill level 5 in Shields
  4936 | D:6      | Reached skill level 5 in Dodging
  5028 | D:6      | Slain by an orc warrior

Illustrated notes

Levels and vault maps discovered:
D:1:      scummos_arrival_checkerplants, layout_basic, hangedman_decor_lopped,
          minmay_hexomino_c4
D:2:      layout_basic, yredelemnul_altar_generic, minitemple,
          nemelex_diamond_rough_becter
D:3:      layout_basic, grunt_temple_overflow_open, grunt_gozag_statues,
          lemuel_round_altar
D:4:      layout_loops_ring, lemuel_doored_altar, temple_green,
          minmay_shop_damaged, grunt_ministairs_7, uniq_sigmund
D:5:      layout_rooms, led_sif_book
D:6:      minmay_bubble_buster, layout_rooms, kennysheep_little_box

Skill      XL: |  1  2  3  4  5  6  7  8 |
---------------+-------------------------+-----
Dodging        | 3 4 5 |  5.1
Shields        | 3 4 5 |  5.2
Unarmed Combat | 3 4 5 6 |  6.4
Fighting       | 3 4 |  4.0
Stealth        | |  0.7

Action                   |  1- 3 |  4- 6 |  7- 9 || total
-------------------------+-------+-------+-------++-------
Melee: Unarmed           |   137 |   168 |   153 ||   458
Invok: Draw Destruction  |       |       |     1 ||     1
  Use: Potion            |     3 |       |     7 ||    10
       Scroll            |     4 |     6 |     5 ||    15
Armor: Robe              |    81 |    41 |   117 ||   239
Dodge: Dodged            |    62 |    62 |   117 ||   241
       Repelled          |       |       |     2 ||     2
Block: Kite shield       |    89 |    76 |   122 ||   287

Table legend: (Time is in decaauts)
 A = Elapsed time spent in this place.
 B = Non-inter-level travel time spent in this place.
 C = Inter-level travel time spent in this place.
 D = Time resting spent in this place.
 E = Time spent auto-exploring this place.
 F = Levels seen in this place.
 G = Mean time per level.
                   A        B        C        D        E       F      G
               +--------+--------+--------+--------+--------+-----+--------+
         Total |   5059 |   4917 |    142 |    838 |   2769 |   6 |  843.2 |
       Dungeon |   5059 |   4917 |    142 |    838 |   2769 |   6 |  843.2 |
               +--------+--------+--------+--------+--------+-----+--------+

Top non-repeatable levels by time:
     D:4: 1120 daAuts
     D:2: 1045 daAuts
     D:5: 917 daAuts
     D:1: 862 daAuts
     D:3: 651 daAuts
     D:6: 462 daAuts
